 Dungeon Crawl Stone Soup version 0.26-a0-639-g72c4674329 (webtiles) character file.

Game seed: 222573987803984114

(classic levelgen) 53566 EnegeticOcto the Severer (level 14, -23/132 HPs)
             Began as a Deep Dwarf Fighter on Sept 28, 2020.
             Was the Champion of Makhleb.
             Annihilated by Agnes
             ... wielding a +2 vampiric lajatang
              (80 damage)
             ... on level 1 of the Snake Pit.
             The game lasted 00:08:46 (10817 turns).

EnegeticOcto the Severer (Deep Dwarf Fighter)      Turns: 10817, Time: 00:08:47

Health: -23/132    AC: 22    Str: 30    XL:     14   Next: 31%
Magic:  5/5        EV:  7    Int:  7    God:    Makhleb [******]
Gold:   597        SH:  0    Dex: 12    Spells: 13/13 levels left

rFire    + . .     SeeInvis .   D - +5 war axe (freeze)
rCold    + . .     Faith    +   c - +0 kite shield
rNeg     + + .     Spirit   .   C - +2 plate armour {MR+}
rPois    +         Reflect  .   g - +1 helmet of Negation {Regen+ rCorr}
rElec    +         Harm     .   m - scarf {rC+ rF+}
rCorr    +         Rampage  .   t - +1 pair of gloves
MR       +++..                  (no boots)
Stlth    ..........             o - amulet of faith
HPRegen  0.00/turn              x - ring of poison resistance
MPRegen  0.09/turn              J - ring "Ympussa" {rElec rN+ Str+7 Int-4}

@: sleeping, non-regenerating
A: damage resistance, heal wounds, negative energy resistance 1, sense
surroundings 2, no regeneration
a: Heal Wounds, Minor Destruction, Lesser Servant of Makhleb, Major Destruction,
Greater Servant of Makhleb, Renounce Religion


You were on level 1 of the Snake Pit.
You worshipped Makhleb.
Makhleb was exalted by your worship.
You visited 4 branches of the dungeon, and saw 20 of its levels.
You also visited: Gauntlet.

You collected 853 gold pieces.
You spent 256 gold pieces at shops.

Inventory:

Hand Weapons
 a - a +1 war axe
 D - a +5 war axe of freezing (weapon)
Missiles
 u - 2 throwing nets (quivered)
Armour
 c - a +0 kite shield (worn)
 g - the +1 helmet of Negation (worn) {Regen+ rCorr}
   (You took it off Robin on level 2 of the Dungeon)

   It increases your rate of regeneration.
   It provides partial protection from all sources of acid and corrosion.
 m - a scarf of resistance (worn)
 t - a +1 pair of gloves (worn)
 C - a +2 plate armour of magic resistance (worn)
 G - the +0 helmet "Refase" {Harm Dex+2}
   (You found it on level 11 of the Dungeon)

   It affects your dexterity (+2).
   It increases damage dealt and taken.
Jewellery
 o - an amulet of faith (around neck)
 x - a ring of poison resistance (left hand)
 A - the ring of Syis {rElec rC+ Dex+6}
   (You found it on level 6 of the Dungeon)

   [ring of dexterity]

   It affects your dexterity (+6).
   It protects you from cold.
   It insulates you from electricity.
 J - the ring "Ympussa" (right hand) {rElec rN+ Str+7 Int-4}
   (You found it in a Gauntlet)

   [ring of positive energy]

   It affects your strength (+7).
   It affects your intelligence (-4).
   It insulates you from electricity.
   It protects you from negative energy.
 O - a +4 ring of slaying
Wands
 e - a wand of digging (6) {@v3}
 s - a wand of polymorph (7)
 y - a wand of paralysis (19)
 B - a wand of iceblast (11) {@v2}
 E - a wand of disintegration (8)
 K - a wand of acid (9) {@v1}
Scrolls
 f - 8 scrolls of remove curse {@r2}
 i - a scroll of blinking
 p - 2 scrolls of immolation {@r4}
 z - 3 scrolls of fear
 H - 4 scrolls of teleportation {@r3}
 I - a scroll of magic mapping {@r5}
Potions
 b - 2 potions of flight
 d - 2 potions of might {@q3}
 j - 4 potions of heal wounds {@q2}
 k - 2 potions of mutation
 l - a potion of brilliance
 n - 2 potions of magic
 q - a potion of ambrosia
 r - 5 potions of curing {@q1}
 v - a potion of resistance {@q6}
 w - 4 potions of lignification {@q7}
 F - 2 potions of haste {@q4}
 L - 3 potions of berserk rage {unknown}
 N - a potion of invisibility {unknown}


   Skills:
 + Level 10.3 Fighting
 * Level 15.8 Axes
 + Level 12.0 Armour
 + Level 11.9 Shields
 + Level 11.8 Invocations


You had 13 spell levels left.
You didn't know any spells.
Your spell library was empty.

Dungeon Overview and Level Annotations

Branches:
Dungeon (15/15)            Temple (1/1) D:7            Lair (3/6) D:10
 Shoals (0/4) Lair:2        Snake (1/4) Lair:2          Orc (0/2) D:9
 Depths (0/5) D:15        Gauntlet (visited)
 Vaults: D:13-14

Altars:
Ashenzari
Cheibriados
Dithmenos
Elyvilon
Fedhas
Gozag
Makhleb
Okawaru
Qazlal
Ru
Sif Muna
Trog
Vehumet
Wu Jian
Xom
Yredelemnul
Zin
The Shining One
Beogh

Shops:
D:5 [   D:8 *

Portals:
Trove: D:11 (give 17 potions of curing)

Annotations:
D:11 exclusion: orange crystal statue
Snake:1 Agnes, Aizul


Innate Abilities, Weirdness & Mutations

You are resistant to damage.
You can heal yourself by infusing magical energy.
You resist negative energy. (rN+)
You passively map the area around you.
You do not regenerate.


Message History

Your ufetubus barely misses the salamander.
Aizul coils herself and waves her upper body at you.
You resist with almost no effort. You block the salamander's attack.
Agnes barely misses you.
You feel much better.
Your ufetubus disappears in a puff of smoke! x2
Your ufetubus hits the salamander but does no damage.
Your ufetubus hits the salamander. Your ufetubus misses Aizul.
Your ufetubus closely misses Aizul.
Your ufetubus completely misses the salamander.
Your ufetubus hits the salamander. x2
Your ufetubus barely misses the salamander.
Agnes hits you with a +2 vampiric lajatang!
Agnes draws strength from your wounds! Aizul hits you!
Your ufetubus barely misses the salamander.
Your ufetubus hits the salamander but does no damage.
Your ufetubus barely misses Aizul.
Your ufetubus hits Aizul but does no damage.
Your ufetubus hits the salamander.
Your ufetubus hits the salamander but does no damage.
The salamander hits your ufetubus with a +0 halberd!
Your ufetubus dies!
You slash Agnes! You freeze Agnes.
Agnes is lightly wounded.
You miss Aizul. Aizul hits you! You block Agnes's attack.
Your ufetubus completely misses the salamander.
Your ufetubus barely misses the salamander.
Your ufetubus completely misses Aizul.
Your ufetubus closely misses Aizul.
You miss Agnes.
Agnes is lightly wounded.
You completely miss Aizul. You block Aizul's attack.
Agnes hits you with a +2 vampiric lajatang!!
Agnes draws strength from your wounds!
Your ufetubus hits the salamander.
Your ufetubus barely misses the salamander.
Your ynoxinul gestures.
The salamander hits you but does no damage.
Your ufetubus barely misses the salamander.
Your ufetubus hits the salamander but does no damage.
Aizul says, "Replaced!
How does it feel to be replaced?"
Aizul barely misses you.
You hit Agnes. You freeze Agnes.
Agnes is lightly wounded.
You slice Aizul!! You freeze Aizul.
Your ufetubus disappears in a puff of smoke! x2
Your ufetubus hits Agnes but does no damage.
Your ufetubus hits Agnes.
Agnes hits you with a +2 vampiric lajatang.
Your ufetubus completely misses the salamander.
Your ufetubus barely misses the salamander.
Your ufetubus misses Aizul. x2; You block Aizul's attack.
Your ufetubus hits the salamander. x2; Your ynoxinul hits Agnes.
Your ufetubus completely misses Agnes. x2
You miss Agnes.
Agnes is moderately wounded.
You hit Aizul. You freeze Aizul. Agnes hits you but does no damage.
Your ufetubus barely misses the salamander.
Your ufetubus hits the salamander but does no damage.
You block the salamander's attack.
Your ufetubus closely misses Aizul.
Your ufetubus hits Aizul.
Aizul coils herself and waves her upper body at you.
The bolt of poison misses you. The bolt of poison hits your ufetubus!!
Your ufetubus is poisoned.
Your ufetubus dies!
Your ufetubus hits the salamander but does no damage.
Your ufetubus hits the salamander. Your ufetubus misses Agnes. x2
You closely miss Agnes.
Agnes is moderately wounded.
You slice Aizul!! You freeze Aizul.
Agnes says, "It is my duty to kill you, but also my pleasure."
Agnes hits you but does no damage.
Your ufetubus closely misses the salamander.
Your ufetubus barely misses the salamander.
Your ynoxinul closely misses Aizul.
Your ufetubus hits Aizul but does no damage. x2
Your ufetubus hits the salamander but does no damage.
Your ufetubus barely misses the salamander.
Aizul coils herself and waves her upper body at you.
The bolt of poison misses you.
Your ufetubus completely misses Agnes.
Your ufetubus closely misses Agnes.
You block the salamander's attack.
Your ufetubus completely misses the salamander.
Your ufetubus hits the salamander. You block Agnes's attack.
A demon appears!
Your ufetubus barely misses Aizul.
Your ufetubus closely misses Aizul.
Your ufetubus hits the salamander.
Your ufetubus hits the salamander but does no damage.
Aizul hits you.
Your ufetubus misses Agnes.
Your ufetubus completely misses Agnes.
Agnes bows.
You block Agnes's attack.
Your ufetubus hits the salamander.
Your ufetubus closely misses the salamander.
Your ynoxinul gestures.
Your ufetubus misses Aizul.
Your ufetubus hits Aizul but does no damage.
Your ufetubus hits the salamander.
Your ufetubus closely misses the salamander.
Aizul coils herself and waves her upper body at you.
You fall asleep.
Your ufetubus disappears in a puff of smoke!
Agnes hits you with a +2 vampiric lajatang!!!!
Ouch! That really hurt!
You die...

, ####..#....## , *
#.##......... ,,, ,
#.###...<....
#.###........ ,* *.,
######............ ,, *
*... ###.##..............
*....##...................
, #....5.4............## ,
#...i@5.............# ,
.......S355...........##
.......N5..........####
,......5.5.5.......## ,
,,, ................###
,....##..........# , ....
#......#### ... #......#
,, , ,


You could see Aizul, Agnes, a salamander, a friendly hellwing (summoned), a
friendly ynoxinul (summoned, very poisoned) and 8 friendly ufetubi.

Vanquished Creatures
  Jorgrun (D:15)
  A fire giant (D:15)
  2 entropy weavers (D:13)
  A minotaur (Gauntlet)
  An ogre mage (D:15)
  2 hydras
  A rakshasa (D:15)
  A centaur warrior (D:15)
  5 two-headed ogres
  3 death yaks (Gauntlet)
  2 queen ants
  A skeletal warrior (D:13)
  3 unseen horrors
  Pikel (D:6)
  A deep elf mage (D:12)
  A manticore (D:13)
  13 ugly things
  A moth of wrath (Gauntlet)
  4 cyclopes
  3 centaur zombies
  Psyche (D:10)
  4 cane toads
  A torpor snail (Gauntlet)
  4 centaur skeletons
  A rime drake (Lair:2)
  A komodo dragon (Lair:3)
  2 guardian mummies (D:13)
  A hornet (D:11)
  10 slime creatures (D:15)
  Grinder (D:4)
  A raiju (Gauntlet)
  5 hippogriffs
  5 flying skulls (Gauntlet)
  A shadow (D:11)
  3 redbacks (Gauntlet)
  A spriggan (shapeshifter) (D:15)
  26 yaks
  A vampire (D:12)
  A wraith (D:15)
  A basilisk (D:15)
  2 steam dragons (Gauntlet)
  Menkaure (D:4)
  2 nagas (Lair:2)
  2 vampire mosquitoes (D:15)
  An acid dragon (D:15)
  12 soldier ants
  2 porcupines
  2 water moccasins (Lair:1)
  2 black bears (D:10)
  4 sky beasts
  5 ice beasts
  4 phantoms
  11 orc warriors
  7 ogres
  2 necrophages
  4 boggarts (D:15)
  13 centaurs
  3 wolves (Lair:1)
  3 lemures (D:6)
  3 big kobolds
  8 bullfrogs
  Blork the orc (D:6)
  A wyvern zombie (D:13)
  2 scorpions
  10 killer bees
  A howler monkey (D:4)
  2 bullfrog zombies (D:13)
  3 hounds
  2 quasits
  8 orc priests
  3 bullfrog skeletons
  2 jellies (D:11)
  Crazy Yiuf (D:6)
  2 iguanas
  Ijyb (D:4)
  12 orc wizards
  28 worker ants
  A hound zombie (D:11)
  A hound skeleton (D:6)
  Robin (D:2)
  6 adders
  A white imp (D:7)
  An ooze (D:4)
  An adder skeleton (D:9)
  A worm (D:3)
  A dart slug (D:3)
  5 leopard geckos
  56 orcs
  A ball python (D:3)
  A giant cockroach (D:3)
  9 goblins (D:2)
  6 hobgoblins
  5 jackals
  11 kobolds
  A quokka (D:8)
  2 bats (D:3)
  4 frilled lizards
  A jackal zombie (D:3)
  A leopard gecko skeleton (D:4)
  A leopard gecko zombie (D:6)
  2 quokka skeletons (D:4)
  3 rats
414 creatures vanquished.

Vanquished Creatures (collateral kills)
  A ghoul (D:13)
  3 hydras (Lair:1)
  2 ugly things (D:15)
  A centaur zombie (D:13)
  A black mamba (Snake:1)
  A minotaur zombie (Gauntlet)
  A troll (D:13)
  A basilisk (D:13)
  2 yaks (Lair:1)
  A bullfrog (Lair:1)
14 creatures vanquished.

Vanquished Creatures (others)
  8 plants
  3 withered plants (D:13)
11 creatures vanquished.

Grand Total: 439 creatures vanquished

Notes
Turn   | Place    | Note
-------+----------+-------------------------------------------
     0 | D:1      | EnegeticOcto the Deep Dwarf Fighter began the quest for the
                  | Orb.
     0 | D:1      | Reached XP level 1. HP: 20/20 MP: 1/1
   129 | D:2      | Identified the +1 helmet of Negation {Regen+ rCorr}
   129 | D:2      | Noticed Robin
   133 | D:2      | Reached XP level 2. HP: 25/27 MP: 2/2
   151 | D:2      | Killed Robin
   151 | D:2      | Reached skill level 3 in Axes
   151 | D:2      | Reached XP level 3. HP: 19/33 MP: 3/3
   425 | D:4      | Reached XP level 4. HP: 40/42 MP: 4/4
   436 | D:4      | Noticed Grinder
   454 | D:4      | Paralysed by Grinder for 5 turns
   460 | D:4      | Killed Grinder
   460 | D:4      | Reached skill level 4 in Axes
   460 | D:4      | Reached XP level 5. HP: 50/50 MP: 4/4
   460 | D:4      | Reached XP level 6. HP: 57/57 MP: 5/5
   512 | D:4      | Noticed Menkaure
   530 | D:4      | Killed Menkaure
   530 | D:4      | Reached skill level 5 in Axes
   660 | D:4      | Noticed Ijyb
   732 | D:4      | Killed Ijyb
   941 | D:4      | Found a shadowy altar of Dithmenos.
  1004 | D:4      | Reached skill level 5 in Shields
  1004 | D:4      | Reached XP level 7. HP: 45/64 MP: 6/6
  1119 | D:5      | Entered Level 5 of the Dungeon
  1199 | D:5      | Reached skill level 5 in Armour
  1296 | D:5      | Reached skill level 6 in Axes
  1348 | D:5      | Found Qoxig's Antique Armour Boutique.
  2060 | D:6      | Noticed Blork the orc
  2075 | D:6      | Killed Blork the orc
  2290 | D:6      | Got a sparkling amber ring
  2316 | D:6      | Reached XP level 8. HP: 57/73 MP: 7/7
  2330 | D:6      | Noticed Pikel
  2350 | D:6      | Killed Pikel
  2350 | D:6      | Reached skill level 5 in Fighting
  2350 | D:6      | Reached skill level 7 in Axes
  2476 | D:6      | Reached skill level 8 in Axes
  2745 | D:6      | Found a runed translucent door.
  2746 | D:6      | Noticed Crazy Yiuf
  3036 | D:6      | Killed Crazy Yiuf
  3161 | D:7      | Identified the ring of Syis {rElec rC+ Dex+6} (You found it
                  | on level 6 of the Dungeon)
  3379 | D:7      | Found a staircase to the Ecumenical Temple.
  3549 | Temple   | Entered the Ecumenical Temple
  3657 | Temple   | Became a worshipper of Makhleb the Destroyer
  3746 | D:7      | Found a radiant altar of Vehumet.
  3779 | D:7      | Gained mutation: You passively map the area around you.
                  | [Deep Dwarf growth]
  3779 | D:7      | Reached XP level 9. HP: 61/81 MP: 8/8
  3811 | D:7      | Found a sacrificial altar of Ru.
  4082 | D:8      | Reached skill level 1 in Invocations
  4229 | D:8      | Reached skill level 9 in Axes
  4380 | D:8      | Reached * piety under Makhleb
  4673 | D:8      | Found Bayry's Assorted Antiques.
  4676 | D:8      | Bought a jewelled war axe for 229 gold pieces
  4676 | D:8      | Bought a scroll labeled UTUHUT COXEUG for 27 gold pieces
  4676 | D:8      | Identified the cursed +0 war axe of Merewk {antimagic,
                  | rElec MR+ MP+9 Str-4} (You bought it in a shop on level 8
                  | of the Dungeon)
  5186 | D:9      | Reached skill level 10 in Axes
  5186 | D:9      | Reached XP level 10. HP: 69/91 MP: 9/9
  5223 | D:9      | Found a staircase to the Orcish Mines.
  5234 | D:9      | Reached ** piety under Makhleb
  5394 | D:9      | Noticed a two-headed ogre
  5407 | D:9      | Killed a two-headed ogre
  5421 | D:9      | Found a roughly hewn altar of Beogh.
  5428 | D:9      | Reached skill level 5 in Invocations
  5595 | D:9      | Found a glowing silver altar of Zin.
  5836 | D:10     | Entered Level 10 of the Dungeon
  5946 | D:10     | Noticed Psyche
  5953 | D:10     | Killed Psyche
  5953 | D:10     | Noticed a two-headed ogre
  5957 | D:10     | Reached *** piety under Makhleb
  5976 | D:10     | Killed a two-headed ogre
  5976 | D:10     | Reached skill level 11 in Axes
  5996 | D:10     | Killed an unseen horror
  5996 | D:10     | Reached XP level 11. HP: 73/100 MP: 9/9
  6072 | D:10     | Found a staircase to the Lair.
  6409 | D:11     | Noticed a brown ugly thing
  6435 | D:11     | Killed a brown ugly thing
  6515 | D:11     | Reached **** piety under Makhleb
  6551 | D:11     | Noticed an orange crystal statue
  6785 | D:11     | Noticed a two-headed ogre
  6805 | D:11     | Killed a two-headed ogre
  6852 | D:11     | Reached skill level 12 in Axes
  6892 | D:11     | Got a polished helmet
  6902 | D:11     | Identified the +0 helmet "Refase" {Harm Dex+2} (You found
                  | it on level 11 of the Dungeon)
  7053 | Lair:1   | Entered Level 1 of the Lair of Beasts
  7053 | Lair:1   | Noticed a seven-headed hydra
  7061 | Lair:1   | Killed a nine-headed hydra
  7126 | Lair:1   | Noticed an eight-headed hydra
  7141 | Lair:1   | Killed a 16-headed hydra
  7205 | Lair:1   | Noticed a four-headed hydra
  7212 | Lair:1   | Killed a seven-headed hydra
  7303 | Lair:1   | Found a gate leading to a gauntlet.
  7308 | Gauntlet | Entered a Gauntlet
  7308 | Gauntlet | Found a transporter.
  7319 | Gauntlet | Found a transporter.
  7319 | Gauntlet | Found a transporter.
  7319 | Gauntlet | Found a transporter.
  7350 | Gauntlet | Found a runed translucent door.
  7350 | Gauntlet | Found a runed translucent door.
  7353 | Gauntlet | Found a transporter.
  7354 | Gauntlet | Found a transporter.
  7372 | Gauntlet | Reached XP level 12. HP: 96/111 MP: 11/11
  7386 | Gauntlet | Found a transporter.
  7391 | Gauntlet | Noticed a queen ant
  7398 | Gauntlet | Found a transporter.
  7419 | Gauntlet | Killed a queen ant
  7421 | Gauntlet | Reached skill level 13 in Axes
  7422 | Gauntlet | Found a transporter.
  7422 | Gauntlet | Found a transporter.
  7431 | Gauntlet | Found a transporter.
  7436 | Gauntlet | Found a transporter.
  7436 | Gauntlet | Found a transporter.
  7443 | Gauntlet | Got a fine bone ring
  7467 | Gauntlet | Noticed a death yak
  7471 | Gauntlet | Noticed a death yak
  7472 | Gauntlet | Noticed a death yak
  7473 | Gauntlet | Found a runed translucent door.
  7474 | Gauntlet | Found a transporter.
  7497 | Gauntlet | Killed a death yak
  7497 | Gauntlet | Reached skill level 10 in Armour
  7497 | Gauntlet | Reached skill level 10 in Shields
  7514 | Gauntlet | Killed a death yak
  7519 | Gauntlet | Killed a death yak
  7567 | Gauntlet | Identified the cursed +1 hand crossbow of Tenacity {flame,
                  | Fragile rF+ MR+ Int+2}
  7567 | Gauntlet | Noticed a minotaur
  7586 | Gauntlet | Killed a minotaur
  7607 | Lair:1   | Identified the ring "Ympussa" {rElec rN+ Str+7 Int-4} (You
                  | found it in a Gauntlet)
  7669 | Lair:1   | Noticed a six-headed hydra
  7683 | Lair:1   | Killed a 12-headed hydra
  7856 | Lair:2   | Found a staircase to the Snake Pit.
  7877 | Lair:2   | Reached ***** piety under Makhleb
  8008 | Lair:2   | Found a staircase to the Shoals.
  8798 | D:11     | Reached skill level 14 in Axes
  8845 | D:11     | Found a portal to a secret trove of treasure.
  8937 | D:12     | Reached skill level 10 in Invocations
  9037 | D:12     | Reached XP level 13. HP: 121/121 MP: 13/13
  9125 | D:13     | Noticed a ghoul
  9162 | D:13     | Killed a ghoul
  9186 | D:13     | Noticed an entropy weaver
  9186 | D:13     | Noticed an entropy weaver
  9232 | D:13     | Killed an entropy weaver
  9355 | D:13     | Killed an entropy weaver
  9634 | D:15     | Entered Level 15 of the Dungeon
  9777 | D:15     | Reached ****** piety under Makhleb
  9872 | D:15     | Reached skill level 15 in Axes
  9906 | D:15     | Noticed a fire giant
  9924 | D:15     | Killed a fire giant
 10041 | D:15     | Noticed an iron giant
 10048 | D:15     | Noticed an acid blob
 10048 | D:15     | an iron giant changed into an acid blob
 10051 | D:15     | Reached skill level 10 in Fighting
 10055 | D:15     | Noticed a golden dragon
 10055 | D:15     | an acid blob changed into a golden dragon
 10059 | D:15     | Noticed an iron dragon
 10059 | D:15     | a golden dragon changed into an iron dragon
 10065 | D:15     | Noticed a golden dragon
 10065 | D:15     | an iron dragon changed into a golden dragon
 10068 | D:15     | Noticed an iron dragon
 10068 | D:15     | a golden dragon changed into an iron dragon
 10069 | D:15     | Noticed an iron giant
 10069 | D:15     | an iron dragon changed into an iron giant
 10077 | D:15     | Noticed a frost giant
 10077 | D:15     | an iron giant changed into a frost giant
 10156 | D:15     | Gained mutation: You resist negative energy. (rN+) [Deep
                  | Dwarf growth]
 10156 | D:15     | Reached XP level 14. HP: 132/132 MP: 8/8
 10196 | D:15     | Noticed Jorgrun
 10215 | D:15     | Killed Jorgrun
 10571 | D:15     | Found a staircase to the Depths.
 10775 | Snake:1  | Entered Level 1 of the Snake Pit
 10790 | Snake:1  | Noticed Agnes
 10791 | Snake:1  | Noticed Aizul
 10817 | Snake:1  | Annihilated by Agnes

Illustrated notes

Levels and vault maps discovered:
D:1:      dpeg_arrival_boxorama, layout_basic
D:2:      layout_rooms, minmay_misc_feat_x, uniq_sigmund, uniq_robin,
          uniq_jessica, uniq_terence
D:3:      layout_loops_cross
D:4:      layout_cave_pools, grunt_dithmenos_smoke, uniq_ijyb, uniq_grinder,
          uniq_menkaure
D:5:      layout_loops_ring, serial_shops, shop, lexackson_kobold_supper
D:6:      layout_layer_cave, uniq_pikel, uniq_blork_the_orc,
          uniq_crazy_yiuf_cottage
D:7:      layout_cave_pods, kennysheep_mini_moat, vehumet_crystals,
          minmay_temple_entry_glass
D:8:      layout_basic, serial_shops, nicolae_shop_behind_doors,
          minmay_misc_feat_ornament, grunt_decor_arrowhead,
          minmay_misc_feat_secret_circle
D:9:      layout_roguey, lemuel_round_altar, david_orc_3, special_room
          [special_room_orc]
D:10:     layout_basic, grunt_lair_entry_orc_guard_hut,
          hangedman_abyss_or_decor_lesser_grid, uniq_psyche
D:11:     layout_loops_corners, enter_trove_6, minmay_statue_bubble
D:12:     layout_basic, palyth_stone_intersect, uniq_sonja
D:13:     layout_cave_pools, erik_vaults_1, serial_undead, serial_undead_e,
          serial_undead_e, serial_undead_f, serial_undead_c, serial_undead_e,
          serial_undead_f, serial_undead_e, kennysheep_diamond,
          minmay_another_anthill, uniq_josephine
D:14:     layout_rooms, serial_shops, shop, serial_bayou_pond_e
D:15:     gammafunk_enter_depths_forms, layout_basic, minivault_27, uniq_jorgrun
Temple:   dpeg_five_rooms_temple
Lair:1:   layout_gridlike, gauntlet_entry_generic
Lair:2:   layout_cave_pods, elwin_shoals_entry_rocks,
          guppyfry_snake_entry_garden, infiniplex_staircase_pool_2,
          lemuel_fruit_tree
Lair:3:   layout_regular_city, serial_forest, infiniplex_forest_join,
          infiniplex_forest_clump_medium, infiniplex_forest_lined_4_way,
          infiniplex_forest_clump_long, minmay_lair_oklob_chamber,
          uniq_gastronok
Snake:1:  layout_grid_shapes, uniq_asterion, uniq_aizul, uniq_agnes

Skill      XL: |  1  2  3  4  5  6  7  8  9 10 11 12 13 14 |
---------------+-------------------------------------------+-----
Axes           | 3 4 5 6 8 10 11 12 14 15 | 15.8
Fighting       | 3 4 5 6 7 8 9 10 | 10.3
Armour         | 4 5 6 7 8 9 10 11 12 | 12.0
Shields        | 4 5 6 7 8 9 10 11 | 11.9
Invocations    | 4 6 8 10 11 | 11.8

Action                   |  1- 3 |  4- 6 |  7- 9 | 10-12 | 13-15 || total
-------------------------+-------+-------+-------+-------+-------++-------
Melee: War axe           |    58 |    78 |   376 |   730 |   652 ||  1894
Invok: Lesser Servant of |       |       |       |     8 |     5 ||    13
 Abil: Heal Wounds       |     2 |     3 |    13 |    18 |    27 ||    63
  Use: Scroll            |       |       |    15 |     8 |     7 ||    30
       Potion            |       |       |       |       |     2 ||     2
 Stab: Distracted        |       |       |       |     4 |       ||     4
Armor: Scale mail        |    37 |    26 |    74 |       |       ||   137
       Skin              |       |     3 |       |       |       ||     3
       Plate armour      |       |       |   177 |   491 |   317 ||   985
Dodge: Dodged            |    29 |    25 |   114 |   159 |   120 ||   447
Block: Kite shield       |    46 |    36 |   245 |   487 |   410 ||  1224

Table legend: (Time is in decaauts)
 A = Elapsed time spent in this place.
 B = Non-inter-level travel time spent in this place.
 C = Inter-level travel time spent in this place.
 D = Time resting spent in this place.
 E = Time spent auto-exploring this place.
 F = Levels seen in this place.
 G = Mean time per level.
                   A        B        C        D        E       F      G
               +--------+--------+--------+--------+--------+-----+--------+
         Total |  10745 |   9833 |    912 |    189 |   6708 |  21 |  511.7 |
       Dungeon |   8860 |   8188 |    672 |    189 |   5547 |  15 |  590.7 |
        Temple |    181 |    109 |     72 |      0 |    102 |   1 |  181.0 |
          Lair |   1388 |   1222 |    166 |      0 |   1011 |   3 |  462.7 |
     Snake Pit |     38 |     38 |      0 |      0 |     14 |   1 |   38.0 |
      Gauntlet |    276 |    276 |      0 |      0 |     34 |   1 |  276.0 |
               +--------+--------+--------+--------+--------+-----+--------+

Top non-repeatable levels by time:
     D:6: 1230 daAuts
     D:8: 1088 daAuts
  Lair:2: 997 daAuts
    D:11: 931 daAuts
    D:15: 920 daAuts
     D:7: 810 daAuts
     D:5: 776 daAuts
     D:4: 711 daAuts
     D:9: 699 daAuts
    D:10: 536 daAuts
    D:13: 462 daAuts
  Lair:1: 371 daAuts
Gauntlet: 276 daAuts
    D:12: 227 daAuts
  Temple: 181 daAuts
